 Dungeon Crawl Stone Soup version 0.31-a0-466-g98c9adc2b6 (webtiles) character file.

Game seed: 9175650229724943571

448 quinnr the Sneak (level 7, -4/40 HPs)
             Began as a Tengu Air Elementalist on Aug 6, 2023.
             Slain by Grinder (7 damage)
             ... on level 5 of the Dungeon.
             The game lasted 00:08:54 (4892 turns).

quinnr the Sneak (Tengu Air Elementalist)           Turns: 4892, Time: 00:08:54

Health: -4/40      AC:  5    Str:  8    XL:     7   Next: 4%
Magic:  1/11       EV: 15    Int: 18    God:
Gold:   237        SH:  0    Dex: 14    Spells: 7/10 levels left

rFire   . . .        j - +1 dagger (speed)
rCold   + . .        (no shield)
rNeg    . . .        a - +0 robe
rPois   .            (helmet restricted)
rElec   .            m - +0 cloak
rCorr   .            f - +1 pair of gloves
SInv    .            (boots unavailable)
Will    .....        g - amulet of the acrobat
Stlth   +++          C - ring of protection from cold
HPRegen 0.26/turn    (no ring)
MPRegen 0.12/turn

%: acrobat
@: flying quickly and evasively, quick
A: beak, talons 3, nimble flight
a: no special abilities


You were on level 5 of the Dungeon.
You visited 1 branch of the dungeon, and saw 5 of its levels.

You collected 237 gold pieces.


Innate Abilities, Weirdness & Mutations

You have a beak for a mouth.
You have claws for feet.
Your magical nature lets you fly swiftly and evasively.


   Skills:
 - Level 2.0 Fighting
 - Level 3.0 Short Blades
 - Level 3.0 Dodging
 - Level 6.0 Stealth
 - Level 2.0 Spellcasting
 - Level 2.0 Conjurations
 + Level 4.7 Air Magic


You had 7 spell levels left.
You knew the following spells:

 Your Spells              Type           Power      Damage    Failure   Level
t - Static Discharge      Conj/Air       26%        2-4/arc   7%          2
z - Shock                 Conj/Air       52%        1d6       4%          1

Your spell library contained the following spells:

 Spells                   Type           Power      Damage    Failure   Level
 Swiftness                Air            18%        N/A       8%          3
 Airstrike                Air            9%         2d(2-18)  26%         4

Inventory:

Hand Weapons
 j - a +1 dagger of speed (weapon)
Armour
 a - a +0 robe (worn)
 f - a +1 pair of gloves (worn)
 h - a +0 buckler
 m - a +0 cloak (worn)
Magical Staves
 k - a staff of death {!a}
 t - a staff of fire {!a}
Jewellery
 g - an amulet of the acrobat (around neck)
 C - a ring of protection from cold (left hand)
Wands
 n - a wand of flame (11)
Scrolls
 c - 4 scrolls of identify {unknown}
 i - 2 scrolls of revelation {unknown}
 o - a scroll of vulnerability {unknown}
 p - a scroll of acquirement {unknown}
 q - a scroll of fear {unknown}
 r - a scroll of teleportation {unknown}
 s - a scroll of enchant weapon {unknown}
Potions
 b - a potion of magic
 d - a potion of cancellation {unknown}
 e - a potion of attraction {unknown}
 l - a potion of brilliance {unknown}
 u - a potion of curing {unknown}

Dungeon Overview and Level Annotations

Branches:
Dungeon (5/15)
 Temple: D:4-7

Altars:
Okawaru

Annotations:
D:5 Grinder

#..>......#..####.#
######.##....# #.#
#####.###.#.# #.#
#.....####▒.▒#####
#.#####...#.#~.~#
###.#####~P~#.#~~.#########
.....##.#...#.#~bb#........
#▒##....▒###▒.▒###▒........
####........5@....#####.
##▒#########▒#.#
#.~.~..bbb# .# #~.~~.~~b~#
.# #...~.~.~~# 5#
▒#▒.▒#####▒ .#
...#.#........s
.▒#▒~#.▒###▒#


You could see Grinder and 6 bats.


Message History

You don't have enough magic to cast this spell.
Unknown command.
Unknown command.
You hit Grinder.
Grinder is heavily wounded.
You hit Grinder.
Grinder is severely wounded.
Grinder gestures at you.
You struggle to resist.
You hit Grinder. Your peck misses Grinder. You punch Grinder, but do no damage.
Grinder is severely wounded.
Grinder hits you!
* * * LOW HITPOINT WARNING * * *
You hit Grinder but do no damage. You claw Grinder.
Grinder is severely wounded.
You hit Grinder. You claw Grinder.
Grinder is almost dead.
Grinder closely misses you.
You closely miss Grinder. Your kick misses Grinder.
Grinder is almost dead.
You hit Grinder. You punch Grinder, but do no damage.
Grinder is almost dead.
Grinder hits you.
* * * LOW HITPOINT WARNING * * *
You writhe in agony.
* * * LOW HITPOINT WARNING * * *
You hit Grinder but do no damage. Your kick misses Grinder.
Grinder is almost dead.
Grinder hits you!
You die...

Skill      XL: |  1  2  3  4  5  6 |
---------------+-------------------+-----
Conjurations   | 2 |  2.0
Stealth        | 3 4 5 6 |  6.0
Fighting       | 1 2 |  2.0
Short Blades   | 3 |  3.0
Dodging        | 3 |  3.0
Spellcasting   | |  2.0
Air Magic      | |  4.7

Action                     |  1- 3 |  4- 6 |  7- 9 || total
---------------------------+-------+-------+-------++-------
  Melee: Unarmed           |     6 |       |       ||     6
         Kick              |     2 |     2 |     2 ||     6
         Dagger            |       |    11 |     8 ||    19
         Peck              |       |     4 |       ||     4
         Punch             |       |     1 |     2 ||     3
   Cast: Shock             |    76 |   117 |     9 ||   202
         Static Discharge  |     2 |     2 |     2 ||     6
   Stab: Sleeping          |       |     1 |       ||     1
 Armour: Robe              |     6 |     7 |       ||    13
  Dodge: Dodged            |    17 |    20 |     1 ||    38

Levels and vault maps discovered:
D:1:      minmay_arrival_widening_spiral_narrow, layout_rooms,
          hellmonk_ecumenical_altar_leap_of_faith
D:2:      layout_loops_ring, serial_forest, infiniplex_forest_straight_5,
          infiniplex_forest_clump_double, infiniplex_forest_end_3,
          infiniplex_forest_lined_3_way, infiniplex_forest_lined_3_way,
          infiniplex_forest_clump_double, minmay_misc_feat_hallway
D:3:      layout_loops_ring, okawaru_altar_gauntlet_db,
          kennysheep_decorative_pillar, uniq_crazy_yiuf_cottage
D:4:      layout_loops_ring, minmay_misc_feat_cross
D:5:      layout_loops_ring, minmay_temple_entry_wispy, serial_aquarium,
          aquarium_bridge_square [aquarium_subvault_wall,
          aquarium_subvault_bridge, aquarium_subvault_balcony,
          aquarium_subvault_window], aquarium_bridge_long_separate
          [aquarium_subvault_bridge, aquarium_subvault_bridge,
          aquarium_subvault_bridge, aquarium_subvault_balcony,
          aquarium_subvault_bridge, aquarium_subvault_bridge],
          aquarium_window_fake, aquarium_window_fake, aquarium_window_fake,
          aquarium_window_2, aquarium_view_2b, aquarium_balcony_3a,
          uniq_sigmund, uniq_ijyb, uniq_grinder

Notes
Turn   | Place    | Note
-------+----------+-------------------------------------------
     0 | D:1      | quinnr the Tengu Air Elementalist began the quest for the
                  | Orb.
     0 | D:1      | Reached XP level 1. HP: 10/10 MP: 4/4
   432 | D:1      | Reached skill level 2 in Conjurations
   465 | D:1      | Reached XP level 2. HP: 15/15 MP: 3/6
   614 | D:1      | You fall into a shaft and drop 1 floor!
   623 | D:2      | Reached skill level 3 in Stealth
   871 | D:2      | Reached XP level 3. HP: 19/19 MP: 4/7
  1755 | D:1      | Found a faded altar of an unknown god.
  1804 | D:1      | Reached skill level 4 in Stealth
  2127 | D:2      | Learned a level 2 spell: Static Discharge
  2295 | D:3      | Found a runed translucent door.
  2296 | D:3      | Noticed Crazy Yiuf
  2360 | D:3      | Reached XP level 4. HP: 15/24 MP: 0/8
  2845 | D:3      | Noticed an ice beast
  2861 | D:3      | Killed an ice beast
  2862 | D:3      | Reached skill level 5 in Stealth
  2862 | D:3      | Gained mutation: Your magical nature lets you fly swiftly
                  | and evasively. [Tengu growth]
  2862 | D:3      | Reached XP level 5. HP: 13/28 MP: 4/9
  3129 | D:3      | Reached skill level 6 in Stealth
  3284 | D:3      | Found an iron altar of Okawaru.
  3558 | D:3      | Killed Crazy Yiuf
  3559 | D:3      | Reached skill level 1 in Fighting
  3679 | D:4      | Reached XP level 6. HP: 34/34 MP: 7/10
  3950 | D:4      | Reached skill level 2 in Fighting
  3950 | D:4      | Reached skill level 1 in Short Blades
  3950 | D:4      | Reached skill level 3 in Dodging
  4045 | D:4      | Reached skill level 2 in Short Blades
  4424 | D:4      | Reached skill level 3 in Short Blades
  4424 | D:4      | Reached XP level 7. HP: 40/40 MP: 4/11
  4807 | D:5      | Entered Level 5 of the Dungeon
  4871 | D:5      | Noticed Grinder
  4891 | D:5      | HP: 2/40 [Grinder (5)]
  4892 | D:5      | Slain by Grinder

Vanquished Creatures
  An ice beast (D:3)
  An ogre (D:4)
  A phantom (D:4)
  A hound (D:4)
  Crazy Yiuf (D:3)
  4 adders
  2 gnolls (D:3)
  4 worms
  A dart slug (D:3)
  3 orcs
  2 ball pythons
  8 bats
  7 endoplasms
  4 giant cockroaches
  4 goblins
  7 hobgoblins
  7 quokkas
  2 frilled lizards
  10 kobolds
  5 rats
75 creatures vanquished.

Table legend: (Time is in decaauts)
 A = Elapsed time spent in this place.
 B = Non-inter-level travel time spent in this place.
 C = Inter-level travel time spent in this place.
 D = Time resting spent in this place.
 E = Time spent auto-exploring this place.
 F = Levels seen in this place.
 G = Mean time per level.
                   A        B        C        D        E       F      G
               +--------+--------+--------+--------+--------+-----+--------+
         Total |   4769 |   4574 |    195 |      9 |   3989 |   5 |  953.8 |
       Dungeon |   4769 |   4574 |    195 |      9 |   3989 |   5 |  953.8 |
               +--------+--------+--------+--------+--------+-----+--------+

Top non-repeatable levels by time:
     D:3: 1445 daAuts
     D:2: 1102 daAuts
     D:1: 1080 daAuts
     D:4: 1067 daAuts
     D:5: 75 daAuts

Table legend:
 A = Non-vault XP
 B = Vault XP
 C = Vault XP percentage of total XP
 D = Non-vault monster count
 E = Vault monster count
 F = Vault count percentage of total count
                 A         B        C        D         E       F
            +---------+---------+-------+---------+---------+-------
      Total |     565 |      76 |  11.9 |      68 |       7 |   9.3
            +---------+---------+-------+---------+---------+-------
        D:1 |      32 |       0 |   0.0 |      18 |       0 |   0.0
        D:2 |      39 |       0 |   0.0 |      16 |       0 |   0.0
        D:3 |     169 |      76 |  31.0 |      14 |       7 |  33.3
        D:4 |     325 |       0 |   0.0 |      20 |       0 |   0.0
            +---------+---------+-------+---------+---------+-------

Levels and vault maps discovered:
D:1:      minmay_arrival_widening_spiral_narrow, layout_rooms,
          hellmonk_ecumenical_altar_leap_of_faith
D:2:      layout_loops_ring, serial_forest, infiniplex_forest_straight_5,
          infiniplex_forest_clump_double, infiniplex_forest_end_3,
          infiniplex_forest_lined_3_way, infiniplex_forest_lined_3_way,
          infiniplex_forest_clump_double, minmay_misc_feat_hallway
D:3:      layout_loops_ring, okawaru_altar_gauntlet_db,
          kennysheep_decorative_pillar, uniq_crazy_yiuf_cottage
D:4:      layout_loops_ring, minmay_misc_feat_cross
D:5:      layout_loops_ring, minmay_temple_entry_wispy, serial_aquarium,
          aquarium_bridge_square [aquarium_subvault_wall,
          aquarium_subvault_bridge, aquarium_subvault_balcony,
          aquarium_subvault_window], aquarium_bridge_long_separate
          [aquarium_subvault_bridge, aquarium_subvault_bridge,
          aquarium_subvault_bridge, aquarium_subvault_balcony,
          aquarium_subvault_bridge, aquarium_subvault_bridge],
          aquarium_window_fake, aquarium_window_fake, aquarium_window_fake,
          aquarium_window_2, aquarium_view_2b, aquarium_balcony_3a,
          uniq_sigmund, uniq_ijyb, uniq_grinder
